 Dungeon Crawl Stone Soup version 0.22-a0-422-g9628fc8 (webtiles) character file.

98 Mgcat the Gusty (level 4, -4/33 HPs)
             Began as a Draconian Air Elementalist on May 20, 2018.
             Killed from afar by Steelmeadow's ghost (8 damage)
             ... with a flame tongue
             ... on level 3 of the Dungeon.
             The game lasted 00:05:27 (2442 turns).

Mgcat the Gusty (Draconian Air Elementalist)        Turns: 2442, Time: 00:05:27

Health: -4/33      AC:  6    Str: 11    XL:     4   Next: 44%
Magic:  0/8        EV: 12    Int: 16    God:
Gold:   64         SH:  0    Dex: 11    Spells: 3/9 levels left

rFire    . . .     SeeInvis .   c - +0 dagger
rCold    . . .     Gourm    .   (no shield)
rNeg     . . .     Faith    .   (armour unavailable)
rPois    .         Spirit   .   (helmet restricted)
rElec    .         Reflect  .   j - +0 cloak
rCorr    .         Harm     .   (no gloves)
MR       .....                  (no boots)
Stlth    ++........             (no amulet)
HPRegen  0.11/turn              (no ring)
MPRegen  0.11/turn              (no ring)

@: swift, very slightly contaminated, quick
A: unfitting armour, cold-blooded, AC +5
a: no special abilities


You were on level 3 of the Dungeon.
You were not hungry.

You visited 1 branch of the dungeon, and saw 3 of its levels.

You collected 64 gold pieces.

Inventory:

Hand Weapons
 c - a +0 dagger (weapon)
   (You took it off a goblin on level 1 of the Dungeon)
Armour
 j - a +0 cloak (worn)
   (You found it on level 2 of the Dungeon)
Jewellery
 n - an uncursed ring of fire {unknown}
   (You took it off a kobold on level 3 of the Dungeon)
Scrolls
 e - 7 scrolls of teleportation {unknown}
 f - 2 scrolls of magic mapping {unknown}
 h - 2 scrolls of remove curse {unknown}
 k - a scroll of identify {unknown}
Potions
 d - a potion of degeneration {unknown}
 g - a potion of agility {unknown}
 i - 2 potions of curing {unknown}
 l - a potion of mutation {unknown}
 m - a potion of might {unknown}
Comestibles
 a - 5 chunks of flesh {@w0}
 b - 4 rations


   Skills:
 - Level 1.7 Dodging
 - Level 1.7 Stealth
 + Level 3.0 Spellcasting
 + Level 2.5 Conjurations
 + Level 3.9 Air Magic


You had 3 spell levels left.
You knew the following spells:

 Your Spells              Type           Power        Failure   Level  Hunger
a - Shock                 Conj/Air       ##..         4%          1    #......
b - Swiftness             Chrm/Air       #.......     13%         2    ##.....
c - Static Discharge      Conj/Air       ##......     16%         3    ###....

Your spell library contained the following spells:

 Spells                   Type           Power        Failure   Level  Hunger
 Lightning Bolt           Conj/Air       ##........   80%         5    ######.
 Airstrike                Air            ##........   36%         4    #####..


Dungeon Overview and Level Annotations

Branches:
Dungeon (3/15)

Altars:

Annotations:
D:3 Steelmeadow's ghost, amateur DrFE


Innate Abilities, Weirdness & Mutations

Your plain brown scales are hard. (AC +5)
You cannot fit into any form of body armour.
You are cold-blooded and may be slowed by cold attacks.


Message History

Confirm with . or Enter, or press ? or * to list all spells.
Aiming: Shock (safe; 4% risk of failure)
Press: ? - help, Shift-Dir - straight line, f/p - hobgoblin
Aim: a hobgoblin, wielding a club The zap hits the hobgoblin.
The hobgoblin is almost dead.
Casting: Shock (safe; 4% risk of failure)
Confirm with . or Enter, or press ? or * to list all spells.
Aiming: Shock (safe; 4% risk of failure)
Press: ? - help, Shift-Dir - straight line, f/p - hobgoblin
Aim: a hobgoblin, wielding a club (almost dead)
The zap hits the hobgoblin.
You kill the hobgoblin!
Casting: Shock (safe; 4% risk of failure)
Confirm with . or Enter, or press ? or * to list all spells.
You can't see any susceptible monsters within range! (Use Z to cast anyway.)
You see here a club.
A kobold comes into view. It is wielding a short sword.
The kobold shouts!
You hear a shout!
The kobold throws a stone.
The stone closely misses you.
Steelmeadow's ghost (amateur Draconian Fire Elementalist) comes into view.
You see here a club.
The kobold throws a stone.
The stone closely misses you.
The kobold throws a stone.
The stone hits you but does no damage.
Some of the chunks of flesh in your inventory have rotted away.
The kobold throws a stone.
The stone hits you but does no damage.
You see here a stone.
Casting: Shock (safe; 4% risk of failure)
Confirm with . or Enter, or press ? or * to list all spells.
Aiming: Shock (safe; 4% risk of failure)
Press: ? - help, Shift-Dir - straight line, f - kobold
Aim: a kobold, wielding a short sword and wearing a jade ring The zap hits the kobold.
You kill the kobold!
You see here a stone.
n - a jade ring;
i - 2 green potions (gained 1)
Things that are here:
a short sword; a club Unknown command.
Casting: Shock (safe; 4% risk of failure)
Confirm with . or Enter, or press ? or * to list all spells.
Aiming: Shock (safe; 4% risk of failure)
Press: ? - help, Shift-Dir - straight line The zap misses Steelmeadow's ghost.
The zap hits Steelmeadow's ghost.
Steelmeadow's ghost is lightly damaged.
Steelmeadow's ghost turns its malevolent gaze towards you.
You hear a shout! x2
Casting: Shock (safe; 4% risk of failure)
Confirm with . or Enter, or press ? or * to list all spells.
Aiming: Shock (safe; 4% risk of failure)
Press: ? - help, Shift-Dir - straight line The zap hits Steelmeadow's ghost.
Steelmeadow's ghost is lightly damaged.
Casting: Shock (safe; 4% risk of failure)
Confirm with . or Enter, or press ? or * to list all spells.
Aiming: Shock (safe; 4% risk of failure)
Press: ? - help, Shift-Dir - straight line The zap hits Steelmeadow's ghost.
Steelmeadow's ghost appears unharmed.
Steelmeadow's ghost is lightly damaged.
Steelmeadow's ghost hits you.
Casting: Shock (safe; 4% risk of failure)
Confirm with . or Enter, or press ? or * to list all spells.
Aiming: Shock (safe; 4% risk of failure)
Press: ? - help, Shift-Dir - straight line The zap misses Steelmeadow's ghost.
Steelmeadow's ghost barely misses you.
Casting: Shock (safe; 4% risk of failure)
Confirm with . or Enter, or press ? or * to list all spells.
Aiming: Shock (safe; 4% risk of failure)
Press: ? - help, Shift-Dir - straight line The zap misses Steelmeadow's ghost.
Steelmeadow's ghost closely misses you.
Casting: Shock (safe; 4% risk of failure)
Confirm with . or Enter, or press ? or * to list all spells.
You feel quick.
Steelmeadow's ghost points at you and mumbles some strange words.
The flame tongue hits you! Steelmeadow's ghost hits you.
You see here a stone.
You start to feel a little slower.
Some of the chunks of flesh in your inventory have rotted away.
You see here an adder skeleton.
You feel sluggish.
You start to feel a little faster.
You see here a quokka skeleton.
Steelmeadow's ghost gestures at you while chanting.
The flame tongue hits you!
* * * LOW HITPOINT WARNING * * *
You no longer feel sluggish.
Steelmeadow's ghost says, "I love the smell of burning flesh."
Casting: Swiftness (safe; 13% risk of failure)
Confirm with . or Enter, or press ? or * to list all spells.
You miscast Swiftness.
You are very lightly contaminated with residual magic.
You feel a strange surge of energy!
Casting: Swiftness (safe; 13% risk of failure)
Confirm with . or Enter, or press ? or * to list all spells.
You feel quick. Steelmeadow's ghost misses you.
Steelmeadow's ghost barely misses you.
Steelmeadow's ghost points at you and mumbles some strange words.
The flame tongue hits you!
You die...

#.......#######.###
#######.##.........
##รท##.####.###
##...#......#
####.....#####.#
...............#
###......W####.##
#.#....#.##...##
#.#..#.##@>....##
#..#............#
....#.##.##......##
#######.#.#.##...##
##...####.##
#####.#####.#
#......)<...#
#.###)####### #..#


You could see Steelmeadow's ghost.

Vanquished Creatures
  2 adders
  An ooze (D:2)
  An adder skeleton (D:2)
  4 worms
  2 dart slugs
  3 leopard geckos
  3 orcs (D:3)
  5 bats
  2 giant cockroaches (D:2)
  5 goblins
  5 hobgoblins
  2 quokkas
  A ball python (D:1)
  12 frilled lizards
  7 kobolds
  3 rats
58 creatures vanquished.

Notes
Turn   | Place    | Note
-------+----------+-------------------------------------------
     0 | D:1      | Mgcat the Draconian Air Elementalist began the quest for the Orb.
     0 | D:1      | Reached XP level 1. HP: 14/14 MP: 3/3
   231 | D:1      | Reached XP level 2. HP: 14/20 MP: 0/5
   857 | D:1      | Learned a level 2 spell: Swiftness
  1149 | D:2      | Reached XP level 3. HP: 17/26 MP: 0/6
  1305 | D:2      | Reached skill level 2 in Conjurations
  1593 | D:2      | Found a faded altar of an unknown god.
  1877 | D:2      | Reached XP level 4. HP: 33/33 MP: 1/8
  2273 | D:3      | Learned a level 3 spell: Static Discharge
  2346 | D:3      | Reached skill level 3 in Spellcasting
  2388 | D:3      | Noticed Steelmeadow's ghost (amateur DrFE)
  2434 | D:3      | HP: 3/33 [Steelmeadow's ghost/flame tongue (16)]
  2442 | D:3      | Killed from afar by Steelmeadow's ghost

Vault maps used:
D:1:      lightli_molten_gateway
D:2:      chequers_ecumenical_altar_simple, minmay_lizard_king
D:3:      minitemple

Skill      XL: |  1  2  3  4 |
---------------+-------------+-----
Conjurations   | 2 |  2.5
Spellcasting   | 3 |  3.0
Dodging        | |  1.7
Stealth        | |  1.7
Air Magic      | |  3.9

Action                   |  1- 3 |  4- 6 || total
-------------------------+-------+-------++-------
Melee: Dagger            |    69 |     7 ||    76
       Tailslap          |     3 |       ||     3
 Cast: Shock             |    96 |    34 ||   130
       Swiftness         |     1 |     2 ||     3
  Eat: Chunk             |     4 |     2 ||     6
Armor: Skin              |    39 |       ||    39
Dodge: Dodged            |    76 |    14 ||    90

Table legend:
 A = Spawn XP
 B = Non-spawn XP
 C = Spawn XP percentage of total XP
 D = Spawn monster count
 E = Non-spawn monster count
 F = Spawn count percentage of total count
 G = Total turns spent on level
                    A         B        C        D         E        F      G
               +---------+---------+-------+---------+---------+-------+---------
         Total |       0 |     141 |   0.0 |       0 |      58 |   0.0 |  2442
               +---------+---------+-------+---------+---------+-------+---------
           D:1 |       0 |      29 |   0.0 |       0 |      19 |   0.0 |   934
           D:2 |       0 |      74 |   0.0 |       0 |      29 |   0.0 |  1231
           D:3 |       0 |      38 |   0.0 |       0 |      10 |   0.0 |   277
               +---------+---------+-------+---------+---------+-------+---------

Vault maps used:
D:1:      lightli_molten_gateway
D:2:      chequers_ecumenical_altar_simple, minmay_lizard_king
D:3:      minitemple

Table legend:
 A = Turns spent in this place as a percentage of turns spent in the entire game.
 B = Non-inter-level travel turns spent in this place as a percentage of non-inter-level travel turns spent in the entire game.
 C = Inter-level travel turns spent in this place as a percentage of turns spent in this place.
 D = Turns resting spent in this place as a percentage of non-inter-level travel turns spent in this place.
 E = Turns spent auto-exploring this place as a percentage of non-inter-level travel turns spent in this place.
 F = Non-inter-level travel turns spent in this place divided by the number of levels of this place that you've seen.
                   A       B       C       D       E      F
               +-------+-------+-------+-------+-------+----------------------
         Total | 100.0 | 100.0 |   2.4 |   0.0 |  82.5 | 794.7
       Dungeon | 100.0 | 100.0 |   2.4 |   0.0 |  82.5 | 794.7
               +-------+-------+-------+-------+-------+----------------------

Table legend:
 A = Kills in this place as a percentage of kills in entire the game.
 B = Kills by you in this place as a percentage of kills by you in the entire game.
 C = Kills by friends in this place as a percentage of kills by friends in the entire game.
 D = Other kills in this place as a percentage of other kills in the entire game.
 E = Experience gained in this place as a percentage of experience gained in the entire game.
 F = Experience gained in this place divided by the number of levels of this place that you have seen.
                   A       B       C       D       E      F
               +-------+-------+-------+-------+-------+----------------------
         Total | 100.0 | 100.0 |   N/A |   N/A | 100.0 |  47.0
       Dungeon | 100.0 | 100.0 |   N/A |   N/A | 100.0 |  47.0
               +-------+-------+-------+-------+-------+----------------------
